 Dungeon Crawl Stone Soup version 0.30-a0-913-g9934a0ce24 (webtiles) character file.

Game seed: 4626998794233145213

92836 billz999 the Skirmisher (level 16, -2/120 (127) HPs)
             Began as a Gnoll Hunter on Mar 20, 2023.
             Was a High Priest of Sif Muna.
             Slain by a wolf spider (18 damage)
             ... on level 1 of the Spider Nest.
             The game lasted 01:02:54 (26340 turns).

billz999 the Skirmisher (Gnoll Hunter)             Turns: 26340, Time: 01:02:55

HP:   -2/120 (127)  AC: 16    Str: 11    XL:     16   Next: 7%
MP:   11/39         EV: 19    Int: 22    God:    Sif Muna [*****.]
Gold: 838           SH:  5    Dex: 24    Spells: 22/36 levels left

rFire   + . .      SeeInvis .    a - +11 shortbow "Ucoennit" {heavy, rC+ Will+ rCorr}
rCold   + + +      Faith    .    (shield currently unavailable)
rNeg    . . .      Spirit   .    C - +0 ring mail {rF+}
rPois   +          Reflect  +    J - +1 helmet
rElec   +          Rampage  .    Q - +0 cloak {Will+}
rCorr   +                        R - +0 pair of gloves "Reqieck" {+Blink rC++}
Will    +++..                    M - +2 pair of boots
Stlth   ++++                     O - amulet "Zaicwolav" {Reflect rPois MP+9 SH+5 Stlth-}
HPRegen 0.40/turn                o - +6 ring of intelligence
MPRegen 0.26/turn                W - ring of Muk Aben {rElec Int+2 Dex+6 Slay+2}

@: drained
A: fangs 1, strong nose, distributed training
a: Renounce Religion, Evoke Blink, Channel Magic, Forget Spell, Divine Exegesis


You were on level 1 of the Spider Nest.
You worshipped Sif Muna.
Sif Muna was extremely pleased with you.
You visited 5 branches of the dungeon, and saw 24 of its levels.
You also visited: Bailey and Gauntlet.

You collected 2639 gold pieces.
You spent 1801 gold pieces at shops.

Inventory:

Hand Weapons
 a - the +11 shortbow "Ucoennit" (weapon) {heavy, rC+ Will+ rCorr}
   (You bought it in a shop on level 9 of the Dungeon)

   rC:        It protects you from cold.
   rCorr:     It protects you from acid and corrosion.
   Will:      It increases your willpower.
 b - the +9 flail of Ugenigeg {spect, rCorr Int+4}
   (You found it on level 12 of the Dungeon)

   Int:       It affects your intelligence (+4).
   rCorr:     It protects you from acid and corrosion.
Missiles
 w - 3 throwing nets
 F - 9 curare-tipped darts
Armour
 C - a +0 ring mail of fire resistance (worn)
 J - a +1 helmet (worn)
 M - a +2 pair of boots (worn)
 P - an orb of light
 Q - a +0 cloak of willpower (worn)
 R - the +0 pair of gloves "Reqieck" (worn) {+Blink rC++}
   (You acquired it on level 8 of the Dungeon)

   rC:        It greatly protects you from cold.
   +Blink:    It lets you blink.
Jewellery
 o - a +6 ring of intelligence (left hand)
 v - a ring of willpower
 A - a ring of wizardry
 B - a ring of positive energy
 K - the ring "Adietac" {rCorr Str+6 Stlth+}
   (You found it in a Gauntlet)

   [ring of strength]

   Str:       It affects your strength (+6).
   rCorr:     It protects you from acid and corrosion.
   Stlth:     It makes you more stealthy.
 O - the amulet "Zaicwolav" (around neck) {Reflect rPois MP+9 SH+5 Stlth-}
   (You found it on level 7 of the Dungeon)

   [amulet of reflection]

   It reflects blocked missile attacks.
   rPois:     It protects you from poison.
   MP:        It affects your magic capacity (+9).
   SH:        It affects your SH (+5).
   Stlth:     It makes you less stealthy.
 W - the ring of Muk Aben (right hand) {rElec Int+2 Dex+6 Slay+2}
   (You found it on level 4 of the Lair of Beasts)

   [ring of dexterity]

   Int:       It affects your intelligence (+2).
   Dex:       It affects your dexterity (+6).
   Slay:      It affects your accuracy & damage with ranged weapons and melee
   (+2).
   rElec:     It insulates you from electricity.
Wands
 d - a wand of flame (41)
 p - a wand of mindburst (4)
 U - a wand of iceblast (3)
Scrolls
 e - 3 scrolls of magic mapping
 g - a scroll of blinking
 h - 5 scrolls of fear
 q - 6 scrolls of teleportation
 r - 4 scrolls of amnesia
 s - a scroll of enchant armour
 t - 10 scrolls of identify
 y - 6 scrolls of fog
 E - 2 scrolls of brand weapon
 G - 3 scrolls of immolation
 H - a scroll of torment {unknown}
 L - 4 scrolls of poison
 N - 2 scrolls of enchant weapon
 Y - a scroll of butterflies
Potions
 c - 3 potions of heal wounds
 f - 6 potions of mutation
 j - 2 potions of berserk rage
 k - 2 potions of brilliance
 l - 8 potions of curing
 m - 2 potions of degeneration
 n - 6 potions of flight
 u - 4 potions of attraction
 x - a potion of magic
 z - 2 potions of invisibility {unknown}
 D - 4 potions of haste {unknown}
 I - 2 potions of lignification {unknown}
 S - 2 potions of resistance {unknown}
 V - 3 potions of might
 X - a potion of cancellation {unknown}
 Z - a potion of ambrosia {unknown}
Miscellaneous
 i - a phial of floods
 T - a phantom mirror


   Skills:
 + Level 11.7 Fighting
 + Level 10.8 Short Blades
 + Level 10.8 Long Blades
 + Level 10.8 Axes
 + Level 10.8 Maces & Flails
 + Level 10.8 Polearms
 + Level 10.8 Staves
 + Level 13.6 Ranged Weapons
 + Level 10.8 Throwing
 + Level 10.8 Armour
 + Level 11.7 Dodging
 + Level 11.1 Stealth
 + Level 10.8 Shields
 + Level 10.8 Unarmed Combat
 + Level 10.8 Spellcasting
 + Level 9.1 Conjurations
 + Level 9.1 Hexes
 + Level 9.1 Summonings
 + Level 9.1 Necromancy
 + Level 9.1 Translocations
 + Level 9.1 Transmutations
 + Level 9.1 Fire Magic
 + Level 9.1 Ice Magic
 + Level 9.1 Air Magic
 + Level 9.1 Earth Magic
 + Level 9.1 Poison Magic
 + Level 11.8 Invocations
 + Level 10.8 Evocations


You had 22 spell levels left.
You knew the following spells:

 Your Spells              Type           Power      Damage    Failure   Level
a - Freezing Cloud        Conj/Ice/Air   25%        6-21      7%          5
b - Sticky Flame          Conj/Fire      51%        2d7       2%          4
c - Borgnjor's Vile Clut  Necr/Erth      25%        N/A       7%          5

Your spell library contained the following spells:

 Spells                   Type           Power      Damage    Failure   Level
 Freeze                   Ice            100%       1d10      1%          1
 Kiss of Death            Conj/Necr      100%       2d13      1%          1
 Necrotise                Necr           100%       1d9       1%          1
 Shock                    Conj/Air       100%       1d9       1%          1
 Sting                    Tmut/Pois      100%       1d8       1%          1
 Cigotuvi's Dreadful Rot  Necr/Pois/Air  100%       N/A       1%          2
 Searing Ray              Conj           100%       2d8       1%          2
 Static Discharge         Conj/Air       100%       2-7/arc   1%          2
 Call Canine Familiar     Summ           51%        N/A       1%          3
 Confusing Touch          Hex            51%        N/A       1%          3
 Frozen Ramparts          Ice            100%       1d16      1%          3
 Gell's Gravitas          Tloc           51%        N/A       1%          3
 Hailstorm                Conj/Ice       51%        3d11      1%          3
 Ignite Poison            Fire/Tmut/Pois 51%        N/A       1%          3
 Inner Flame              Hex/Fire       51%        N/A       1%          3
 Kindle Blastsparks       Fire/Tloc/Air  100%       2d18      1%          3
 Mephitic Cloud           Conj/Pois/Air  51%        N/A       1%          3
 Portal Projectile        Hex/Tloc       100%       N/A       1%          3
 Swiftness                Air            51%        N/A       1%          3
 Teleport Other           Tloc           51%        N/A       1%          3
 Vampiric Draining        Necr           51%        2d9       1%          3
 Vhi's Electric Charge    Tloc/Air       100%       N/A       1%          3
 Dispel Undead            Necr           51%        3d19      2%          4
 Flame Wave               Conj/Fire      51%        2d13      2%          4
 Iskenderun's Mystic Bla  Conj/Tloc      51%        2d11      2%          4
 Leda's Liquefaction      Hex/Erth       25%        N/A       2%          4
 Agony                    Necr           51%        N/A       7%          5
 Alistair's Intoxication  Tmut/Pois      34%        N/A       7%          5
 Conjure Ball Lightning   Conj/Air       25%        3x3d7     36%         6
 Dispersal                Tloc           25%        N/A       36%         6
 Eringya's Noxious Bog    Tmut/Pois      25%        N/A       36%         6
 Malign Gateway           Summ/Tloc      25%        N/A       91%         7
 Disjunction              Tloc           25%        N/A       100%        8
 Maxwell's Capacitive Co  Air            25%        ∞         100%        8
 Chain Lightning          Conj/Air       25%        3d34      100%        9
 Fire Storm               Conj/Fire      25%        8d7       100%        9


Dungeon Overview and Level Annotations

Branches:
Dungeon (15/15)            Temple (1/1) D:4            Lair (5/5) D:11
 Shoals (0/4) Lair:2       Spider (1/4) Lair:2        Slime (0/5) Lair:5
    Orc (2/2) D:10            Elf (0/3) Orc:2        Vaults (0/5) D:14
 Depths (0/4) D:15         Bailey (visited)         Gauntlet (visited)

Altars:
Ashenzari
Dithmenos
Elyvilon
Hepliaklqana
Kikubaaqudgha
Makhleb
Nemelex Xobeh
Okawaru
Qazlal
Ru
Sif Muna
Trog
Vehumet
Yredelemnul
Zin
The Shining One

Shops:
D:7 *   D:9 [(*   D:10 ![   Orc:2 [*[=

Annotations:
D:4 1 runed translucent door, billz999's ghost, amateur GnHu
D:8 2 transporters, SingularityParadox's ghost, novice DsHu


Innate Abilities, Weirdness & Mutations

You have very sharp teeth.
Your uncanny sense of smell can sniff out nearby items.
Your experience applies equally to all skills.


Message History

That beam is likely to hit you.
Continue anyway?
You are engulfed in freezing vapours.
You resist.
The zombie hands constrict the pharaoh ant!
You hear a faint skittering sound.
The wolf spider is engulfed in freezing vapours.
The wolf spider hits you. The wolf spider misses you.
The pharaoh ant is engulfed in freezing vapours.
The pharaoh ant struggles to escape constriction.
The wolf spider is engulfed in freezing vapours.
The wolf spider misses you. The wolf spider bites you!
Unknown command.
The zombie hands constrict the pharaoh ant!
You destroy the pharaoh ant!
Sif Muna accepts your kill.
The pharaoh ant binds the souls of nearby monsters.
The wolf spider is engulfed in freezing vapours. x2
The wolf spider closely misses you. You block the wolf spider's attack.
The culicivora is engulfed in freezing vapours.
Casting: Freezing Cloud (dangerous; 7% risk of failure)
Confirm with . or Enter, or press ? or * to list all spells.
Aiming: Borgnjor's Vile Clutch (dangerous; 7% risk of failure)
Press: ? - help, Shift-Dir - straight line, f - wolf spider
Aim: a wolf spider (freezing vapour, heavily wounded, berserk, soul bound, 100% to hit)
Zombie hands grab the wolf spider.
The zombie hands constrict the wolf spider.
The wolf spider is engulfed in freezing vapours.
The wolf spider hits you!!
* * * LOW HITPOINT WARNING * * *
The wolf spider closely misses you.
The culicivora is engulfed in freezing vapours.
The wolf spider is engulfed in freezing vapours.
The wolf spider hits you.
* * * LOW HITPOINT WARNING * * *
The wolf spider bites you but does no damage.
The zombie hands constrict the wolf spider!
The wolf spider is engulfed in freezing vapours.
The wolf spider escapes!
The culicivora is engulfed in freezing vapours.
The wolf spider hits you!!
You die...

.. .^# ... #.#
.... #.# #...#
#..## #....#
#....#####.....#
#......##...†.#
#....@ss#.....#
#......##§§§○§#
#.......###§§§.#
........# ###§.#
........# §.#
........# ...
...#....# ..#
...##...# ##


You could see a wolf spider (berserk, soul bound) and a culicivora (berserk,
soul bound).

Vanquished Creatures
  Jorgrun (D:15)
  An orc warlord (Orc:2)
  A stone giant (D:15)
  A minotaur (Gauntlet)
  A green death (Gauntlet)
  An entropy weaver (Gauntlet)
  4 hydras
  Erica (D:8)
  Erolcha (Orc:2)
  A catoblepas (Lair:5)
  3 centaur warriors
  3 two-headed ogres
  A boulder beetle (D:14)
  3 death yaks (Lair:5)
  Urug (D:14)
  An orc high priest (Orc:2)
  Nergalle (Lair:2)
  3 skeletal warriors (D:15)
  A pharaoh ant (Spider:1)
  Amaemon (D:10)
  A lindwurm (Lair:5)
  2 orc knights (Orc:1)
  Pikel (D:6)
  A deep elf pyromancer (D:15)
  A wolf spider (Gauntlet)
  7 ugly things
  7 manticores
  8 orc sorcerers (Orc:2)
  The ghost of holysushi the Zephyrmancer, a novice OpAE (D:7)
  6 elephants
  5 cyclopes
  Maurice (D:8)
  A moth of wrath (Spider:1)
  2 water nymphs (Lair:2)
  8 black mambas
  Joseph (D:7)
  3 orange demons
  2 rime drakes
  17 cane toads
  2 gargoyles
  2 kobold demonologists (D:11)
  An efreet (D:14)
  5 komodo dragons
  12 trolls
  3 polar bears
  A troll (shapeshifter) (D:13)
  2 hornets
  32 blink frogs
  10 dream sheep (Lair:5)
  A centaur simulacrum (D:14)
  A jumping spider (Gauntlet)
  6 slime creatures
  2 shadows
  8 wyverns
  A vampire (D:11)
  3 basilisks
  28 yaks
  15 humans (D:14)
  3 steam dragons
  4 redbacks
  Grum (D:11)
  10 wargs
  8 vampire mosquitoes
  2 acid dragons (D:11)
  12 water moccasins
  5 black bears
  21 orc warriors
  2 ice beasts
  2 sky beasts (D:8)
  9 ogres
  10 wolves
  2 centaurs (D:8)
  4 kobold brigands
  16 bullfrogs
  3 scorpions
  2 gnoll sergeants
  6 wights
  9 killer bees
  6 howler monkeys
  3 electric eels
  8 vampire bats (Bailey)
  A crimson imp (D:4)
  7 orc priests
  Crazy Yiuf (D:3)
  A gnoll bouda (D:8)
  2 jellies
  4 iguanas
  2 sleepcaps
  46 orc wizards
  8 gnolls
  8 adders
  3 shadow imps
  2 white imps
  An ufetubus (D:5)
  3 dart slugs
  83 orcs
  13 ball pythons
  4 bats (D:1)
  3 endoplasms
  3 giant cockroaches
  9 goblins
  16 hobgoblins
  2 jackals (D:3)
  A quokka (D:5)
  3 frilled lizards
  21 kobolds
  18 orc zombies (Bailey)
  3 rats (D:1)
  A bush (Lair:2)
658 creatures vanquished.

Vanquished Creatures (others)
  34 fungi
  58 plants
  13 withered plants (Gauntlet)
105 creatures vanquished.

Grand Total: 763 creatures vanquished

Notes
Turn   | Place    | Note
-------+----------+-------------------------------------------
     0 | D:1      | billz999 the Gnoll Hunter began the quest for the Orb.
     0 | D:1      | Reached XP level 1. HP: 20/20 MP: 1/1
    57 | D:1      | Reached XP level 2. HP: 26/26 MP: 2/2
   307 | D:1      | Reached XP level 3. HP: 31/31 MP: 3/3
   361 | D:1      | Found a faded altar of an unknown god.
   534 | D:1      | Reached skill level 1 in Invocations
   965 | D:2      | Reached skill level 1 in Short Blades
   965 | D:2      | Reached skill level 1 in Long Blades
   965 | D:2      | Reached skill level 1 in Axes
   965 | D:2      | Reached skill level 1 in Maces & Flails
   965 | D:2      | Reached skill level 1 in Polearms
   965 | D:2      | Reached skill level 1 in Staves
   965 | D:2      | Reached skill level 1 in Throwing
   965 | D:2      | Reached skill level 1 in Armour
   965 | D:2      | Reached skill level 1 in Shields
   965 | D:2      | Reached skill level 1 in Unarmed Combat
   965 | D:2      | Reached skill level 1 in Spellcasting
   965 | D:2      | Reached skill level 1 in Evocations
  1297 | D:3      | Reached XP level 4. HP: 30/38 MP: 5/5
  1301 | D:3      | Reached skill level 1 in Conjurations
  1301 | D:3      | Reached skill level 1 in Hexes
  1301 | D:3      | Reached skill level 1 in Summonings
  1301 | D:3      | Reached skill level 1 in Necromancy
  1301 | D:3      | Reached skill level 1 in Translocations
  1301 | D:3      | Reached skill level 1 in Transmutations
  1301 | D:3      | Reached skill level 1 in Fire Magic
  1301 | D:3      | Reached skill level 1 in Ice Magic
  1301 | D:3      | Reached skill level 1 in Air Magic
  1301 | D:3      | Reached skill level 1 in Earth Magic
  1301 | D:3      | Reached skill level 1 in Poison Magic
  1649 | D:3      | Found a runed translucent door.
  1650 | D:3      | Noticed Crazy Yiuf
  1799 | D:3      | Reached XP level 5. HP: 43/43 MP: 7/7
  1865 | D:3      | Killed Crazy Yiuf
  2083 | D:4      | Noticed billz999's ghost (amateur GnHu)
  2094 | D:4      | Found a runed translucent door.
  2101 | D:4      | Found a staircase to the Ecumenical Temple.
  2113 | Temple   | Entered the Ecumenical Temple
  2132 | Temple   | Became a worshipper of Sif Muna the Loreminder
  2280 | D:4      | Reached XP level 6. HP: 50/50 MP: 8/8
  2507 | D:4      | Reached skill level 5 in Fighting
  2507 | D:4      | Reached skill level 5 in Dodging
  2600 | D:4      | Identified the -2 pair of boots "Oplaluju" {+Blink Regen+
                  | Str-5}
  3020 | D:5      | Entered Level 5 of the Dungeon
  3175 | D:5      | Reached * piety under Sif Muna
  3466 | D:5      | Reached XP level 7. HP: 56/56 MP: 10/10
  3620 | D:5      | Identified the +8 whip "Pauqoq" {pain, Dex+2}
  3831 | D:6      | Reached skill level 9 in Ranged Weapons
  3989 | D:6      | Reached XP level 8. HP: 48/63 MP: 12/12
  4146 | D:6      | Noticed Pikel
  4165 | D:6      | Killed Pikel
  4277 | D:6      | Identified the +1 ring mail "Leneoss" {rPois}
  4948 | D:6      | Reached XP level 9. HP: 68/69 MP: 13/15
  4975 | D:7      | Found a runed translucent gate.
  4977 | D:7      | Found a runed translucent gate.
  4977 | D:7      | Found a runed translucent gate.
  4978 | D:7      | Noticed holysushi's ghost (novice OpAE)
  5373 | D:7      | Noticed Joseph
  5384 | D:7      | Killed Joseph
  5385 | D:7      | Reached skill level 5 in Stealth
  5487 | D:7      | Identified the amulet "Zaicwolav" {Reflect rPois MP+9 SH+5
                  | Stlth-}
  5613 | D:7      | Reached skill level 5 in Invocations
  5780 | D:7      | Found Xuism's General Store.
  5789 | D:7      | Bought a scroll of enchant weapon for 90 gold pieces
  6145 | D:7      | Reached ** piety under Sif Muna
  6220 | D:7      | Killed holysushi's ghost
  6221 | D:7      | Reached skill level 5 in Short Blades
  6221 | D:7      | Reached skill level 5 in Long Blades
  6221 | D:7      | Reached skill level 5 in Axes
  6221 | D:7      | Reached skill level 5 in Maces & Flails
  6221 | D:7      | Reached skill level 5 in Polearms
  6221 | D:7      | Reached skill level 5 in Staves
  6221 | D:7      | Reached skill level 5 in Throwing
  6221 | D:7      | Reached skill level 5 in Armour
  6221 | D:7      | Reached skill level 5 in Shields
  6221 | D:7      | Reached skill level 5 in Unarmed Combat
  6221 | D:7      | Reached skill level 5 in Spellcasting
  6221 | D:7      | Reached skill level 5 in Evocations
  6221 | D:7      | Reached XP level 10. HP: 44/77 MP: 17/17
  6395 | D:8      | Noticed Erica
  6414 | D:8      | Killed Erica
  6415 | D:8      | Reached skill level 10 in Ranged Weapons
  6717 | D:8      | Identified a scroll of acquirement
  6717 | D:8      | Acquired the +0 pair of gloves "Reqieck" {+Blink rC++}
  6754 | D:8      | Found a transporter.
  6810 | D:8      | Found a bloodstained altar of Trog.
  6810 | D:8      | Noticed SingularityParadox's ghost (novice DsHu)
  6810 | D:8      | Noticed a moth of wrath
  6811 | D:8      | Noticed a two-headed ogre
  6830 | D:8      | Found a transporter.
  6951 | D:8      | Identified the +1 buckler "Qaiff" {-Tele Rampage rC++
                  | Int+4}
  7119 | D:8      | Noticed a two-headed ogre
  7119 | D:8      | Noticed a cyclops
  7123 | D:8      | Noticed Maurice
  7140 | D:8      | Killed a cyclops
  7149 | D:8      | Killed a two-headed ogre
  7184 | D:8      | Reached skill level 5 in Conjurations
  7184 | D:8      | Reached skill level 5 in Hexes
  7184 | D:8      | Reached skill level 5 in Summonings
  7184 | D:8      | Reached skill level 5 in Necromancy
  7184 | D:8      | Reached skill level 5 in Translocations
  7184 | D:8      | Reached skill level 5 in Transmutations
  7184 | D:8      | Reached skill level 5 in Fire Magic
  7184 | D:8      | Reached skill level 5 in Ice Magic
  7184 | D:8      | Reached skill level 5 in Air Magic
  7184 | D:8      | Reached skill level 5 in Earth Magic
  7184 | D:8      | Reached skill level 5 in Poison Magic
  7198 | D:8      | Killed Maurice
  7199 | D:8      | Reached XP level 11. HP: 12/85 MP: 20/20
  7424 | D:8      | Identified the +1 long sword "Hipseora" {pain, Will+ Str+7
                  | Int-5 Dex+2}
  7578 | D:8      | Found a sparkling altar of Nemelex Xobeh.
  7763 | D:9      | Reached *** piety under Sif Muna
  7919 | D:9      | Noticed a cyan ugly thing
  7930 | D:9      | Killed a cyan ugly thing
  8138 | D:9      | Found Cyigh's General Store.
  8140 | D:9      | Found Tywitusi's Antique Armour Boutique.
  8142 | D:9      | Found Rykhly's Weapon Shop.
  8350 | D:9      | Found a radiant altar of Vehumet.
  8916 | D:10     | Entered Level 10 of the Dungeon
  8955 | D:10     | Found a staircase to the Orcish Mines.
  8966 | D:10     | Found Huos's Armour Shoppe.
  8969 | D:10     | Noticed Amaemon
  8980 | D:10     | Killed Amaemon
  9133 | D:10     | Found Nunuffup's Distillery.
  9181 | D:10     | Found a flagged portal.
  9196 | Bailey   | Entered a bailey
  9285 | Bailey   | Reached **** piety under Sif Muna
 10179 | D:10     | Paralysed by a hornet for 1 turns
 10682 | D:10     | Reached skill level 11 in Ranged Weapons
 11466 | D:11     | Noticed a manticore
 11483 | D:11     | Killed a manticore
 11484 | D:11     | Reached XP level 12. HP: 26/94 MP: 22/22
 11880 | D:11     | Found a staircase to the Lair.
 11891 | Lair:1   | Entered Level 1 of the Lair of Beasts
 11966 | Lair:1   | Identified the +11 mace of the Oily God {freeze, *Rage
                  | +Blink Dex+4}
 12095 | Lair:1   | Reached XP level 13. HP: 90/101 MP: 24/24
 12135 | Lair:1   | Reached ***** piety under Sif Muna
 12137 | Lair:1   | Received a gift from Sif Muna
 12145 | Lair:1   | Got Sif Muna's Directory of the Squall and Direction {god
                  | gift}
 12153 | Lair:1   | Learned a level 5 spell: Freezing Cloud
 12158 | Lair:1   | Learned a level 4 spell: Sticky Flame
 13018 | Lair:2   | Noticed Nergalle
 13083 | Lair:2   | Found a hole to the Spider Nest.
 13241 | Lair:2   | Killed Nergalle
 13344 | Lair:2   | Found a gate leading to a gauntlet.
 13354 | Gauntlet | Entered a Gauntlet
 13354 | Gauntlet | Noticed an entropy weaver
 13354 | Gauntlet | Found a transporter.
 13354 | Gauntlet | Found a transporter.
 13370 | Gauntlet | Found a transporter.
 13374 | Gauntlet | Found a transporter.
 13384 | Gauntlet | Found a transporter.
 13384 | Gauntlet | Noticed a green death
 13405 | Gauntlet | Found a transporter.
 13413 | Gauntlet | Found a transporter.
 13419 | Gauntlet | Found a transporter.
 13437 | Gauntlet | Found a transporter.
 13445 | Gauntlet | Found a transporter.
 13463 | Gauntlet | Found a transporter.
 13490 | Gauntlet | Found a transporter.
 13547 | Gauntlet | Killed an entropy weaver
 13572 | Gauntlet | Killed a green death
 13573 | Gauntlet | Reached skill level 12 in Ranged Weapons
 13580 | Gauntlet | Identified the amulet "Fuakops" {Spirit Dex+2}
 13593 | Gauntlet | Identified the amulet "Ruffotimo" {RegenMP rPois rC+
                  | Slay-6}
 13593 | Gauntlet | Noticed a minotaur
 13607 | Gauntlet | Killed a minotaur
 13650 | Gauntlet | Identified the ring "Adietac" {rCorr Str+6 Stlth+}
 14009 | Lair:2   | Reached skill level 10 in Fighting
 14009 | Lair:2   | Reached skill level 10 in Dodging
 14488 | Lair:2   | Reached XP level 14. HP: 110/110 MP: 26/26
 15236 | Lair:3   | Received a gift from Sif Muna
 15237 | Lair:3   | Got Sif Muna's Papyrus of Arcane Weapons and Virulence {god
                  | gift}
 15833 | Lair:4   | Reached skill level 10 in Invocations
 16122 | Lair:4   | Identified the +4 dagger of Tumult {pain, Int+2 SInv}
 16323 | Lair:4   | Identified the ring of Muk Aben {rElec Int+2 Dex+6 Slay+2}
 16415 | Lair:4   | Learned a level 5 spell: Borgnjor's Vile Clutch
 16913 | Lair:5   | Entered Level 5 of the Lair of Beasts
 17978 | Lair:5   | Found a staircase to the Slime Pits.
 18109 | Lair:5   | Reached skill level 10 in Stealth
 18782 | Orc:1    | Entered Level 1 of the Orcish Mines
 18960 | Orc:1    | You fall into a shaft and drop 1 floor!
 18960 | Orc:2    | Entered Level 2 of the Orcish Mines
 19363 | Orc:1    | Reached XP level 15. HP: 110/117 MP: 27/28
 19604 | Orc:2    | Found a burning altar of Makhleb.
 19605 | Orc:2    | Noticed Erolcha
 19610 | Orc:2    | Killed Erolcha
 19762 | Orc:2    | Reached skill level 10 in Short Blades
 19762 | Orc:2    | Reached skill level 10 in Long Blades
 19762 | Orc:2    | Reached skill level 10 in Axes
 19762 | Orc:2    | Reached skill level 10 in Maces & Flails
 19762 | Orc:2    | Reached skill level 10 in Polearms
 19762 | Orc:2    | Reached skill level 10 in Staves
 19762 | Orc:2    | Reached skill level 10 in Throwing
 19762 | Orc:2    | Reached skill level 10 in Armour
 19762 | Orc:2    | Reached skill level 10 in Shields
 19762 | Orc:2    | Reached skill level 10 in Unarmed Combat
 19762 | Orc:2    | Reached skill level 10 in Spellcasting
 19762 | Orc:2    | Reached skill level 10 in Evocations
 19765 | Orc:2    | Received a gift from Sif Muna
 19869 | Orc:2    | Reached skill level 13 in Ranged Weapons
 20120 | Orc:2    | Noticed an orc warlord
 20128 | Orc:2    | Killed an orc warlord
 20474 | Orc:2    | Received a gift from Sif Muna
 20483 | Orc:2    | Got Sif Muna's Spellbook of Turbulence and Degeneration
                  | {god gift}
 20795 | Orc:2    | Found Reibb's Antique Armour Boutique.
 20795 | Orc:2    | Found Neraxu's Jewellery Emporium.
 20853 | Orc:2    | Found Teblof's Armour Boutique.
 20853 | Orc:2    | Found Domeoq's Assorted Antiques.
 20909 | Orc:2    | Found a staircase to the Elven Halls.
 21161 | D:9      | Bought the +11 shortbow "Ucoennit" {heavy, rC+ Will+ rCorr}
                  | for 1369 gold pieces
 21662 | D:11     | Noticed Grum
 21668 | D:11     | Killed Grum
 22107 | D:12     | Identified the +9 flail of Ugenigeg {spect, rCorr Int+4}
 23182 | D:13     | Identified the +5 robe of the Jackalope {Rampage Dex+2 SInv
                  | Archmagi}
 23252 | D:13     | You fall into a shaft and drop 2 floors!
 23252 | D:15     | Entered Level 15 of the Dungeon
 23262 | D:15     | Identified the +7 falchion "Quequi" {venom, *Rage rPois
                  | Dex+2 SInv}
 23504 | D:14     | Found an ancient bone altar of Kikubaaqudgha.
 23817 | D:14     | Noticed Urug
 23823 | D:14     | Killed Urug
 23852 | D:14     | Received a gift from Sif Muna
 24045 | D:14     | Found a gate to the Vaults.
 24931 | Orc:2    | Bought a brightly glowing chain mail for 342 gold pieces
 24931 | Orc:2    | Identified the +2 chain mail "Pabuxt" {rF+ Will+} (You
                  | bought it in a shop on level 2 of the Orcish Mines)
 25489 | D:15     | Found a staircase to the Depths.
 25573 | D:15     | Noticed Jorgrun
 25577 | D:15     | Killed Jorgrun
 25578 | D:15     | Reached XP level 16. HP: 88/127 MP: 29/30
 26082 | D:15     | Found a sacrificial altar of Ru.
 26330 | Spider:1 | Entered Level 1 of the Spider Nest
 26340 | Spider:1 | Slain by a wolf spider

Illustrated notes

Levels and vault maps discovered:
D:1:      nagdon_arrival_zigzag_paths, layout_basic, serial_curves,
          eino_curves_01, eino_curves_02, shapermc_ecumenical_altar_acropolis
D:2:      layout_rooms, kennysheep_boxes
D:3:      layout_basic, uniq_crazy_yiuf_cottage
D:4:      layout_loops_ring, minmay_temple_entry_gardened_gates,
          hellmonk_ghost_happy_afterlife, palyth_stone_intersect,
          minmay_fire_ice_demons
D:5:      layout_loops_cross
D:6:      layout_basic, uniq_pikel
D:7:      layout_loops_ring, biasface_ghost_orc_armoury, serial_shops,
          nicolae_shop_statue_plus, hangedman_decor_slide_cut, minivault_26,
          uniq_joseph
D:8:      minmay_ornate_pinched, layout_rooms, overflow_temple_1_default,
          gammafunk_ghost_wrathful_warriors, minivault_1, minmay_radiant,
          uniq_erica, uniq_maurice
D:9:      layout_loops_corners, fiery_altar_vehumet, nicolae_wooded_promenade
D:10:     hellmonk_crumbling_castle, layout_small_grid,
          minmay_orc_entry_temple_small, serial_shops,
          nicolae_shop_competitors_out_of_business, enter_bailey_4,
          kennysheep_windowed_goal, uniq_amaemon
D:11:     layout_basic, grunt_lair_entry_orc_guard_hut, glass_columns_b,
          uniq_grum
D:12:     nicolae_cairo_tiling_very_big, layout_layer_cave
D:13:     layout_basic
D:14:     layout_loops_ring, david_vaults_3, kiku_gazebo_pond_becter
D:15:     grunt_enter_depths_giant_problem, layout_long_grid,
          nicolae_ru_path_of_blood, chequers_serial_rivers_large_a, uniq_jorgrun
Temple:   nicolae_temple_bog_church
Lair:1:   layout_loops_ring, chequers_serial_rivers_room_b, beast_lair_carwin_10
Lair:2:   layout_small_grid, nicolae_shoals_entry_flooding, spider_nest_entry_a,
          gauntlet_entry_generic, st_stairs_4, serial_bayou_shore_b,
          serial_bayou_shore_a, uniq_nergalle
Lair:3:   layout_roguey, infiniplex_staircase_pool
Lair:4:   layout_gridlike, grunt_megastairs_1, serial_bayou_shore_b,
          infiniplex_staircase_pool_2, serial_bayou_shore_b
Lair:5:   hangedman_lair_in_review, layout_regular_city,
          dpeg_slime_entry_enclosed, st_stairs_3, grunt_megastairs_5
Spider:1: layout_cave_pods
Orc:1:    layout_diamond_mine
Orc:2:    st_orc_town, layout_diamond_mine, bloody_makhleb, uniq_erolcha

Skill      XL: |  1  2  3  4  5  6  7  8  9 10 11 12 13 14 15 |
---------------+----------------------------------------------+-----
Invocations    | 1 2 3 4 5 6 7 8 9 10 11 | 11.8
Short Blades   | 1 2 3 4 5 6 7 8 9 10 | 10.8
Long Blades    | 1 2 3 4 5 6 7 8 9 10 | 10.8
Axes           | 1 2 3 4 5 6 7 8 9 10 | 10.8
Maces & Flails | 1 2 3 4 5 6 7 8 9 10 | 10.8
Polearms       | 1 2 3 4 5 6 7 8 9 10 | 10.8
Staves         | 1 2 3 4 5 6 7 8 9 10 | 10.8
Throwing       | 1 2 3 4 5 6 7 8 9 10 | 10.8
Armour         | 1 2 3 4 5 6 7 8 9 10 | 10.8
Shields        | 1 2 3 4 5 6 7 8 9 10 | 10.8
Unarmed Combat | 1 2 3 4 5 6 7 8 9 10 | 10.8
Spellcasting   | 1 2 3 4 5 6 7 8 9 10 | 10.8
Evocations     | 1 2 3 4 5 6 7 8 9 10 | 10.8
Conjurations   | 1 2 3 4 5 6 7 8 9 |  9.1
Hexes          | 1 2 3 4 5 6 7 8 9 |  9.1
Summonings     | 1 2 3 4 5 6 7 8 9 |  9.1
Necromancy     | 1 2 3 4 5 6 7 8 9 |  9.1
Translocations | 1 2 3 4 5 6 7 8 9 |  9.1
Transmutations | 1 2 3 4 5 6 7 8 9 |  9.1
Fire Magic     | 1 2 3 4 5 6 7 8 9 |  9.1
Ice Magic      | 1 2 3 4 5 6 7 8 9 |  9.1
Air Magic      | 1 2 3 4 5 6 7 8 9 |  9.1
Earth Magic    | 1 2 3 4 5 6 7 8 9 |  9.1
Poison Magic   | 1 2 3 4 5 6 7 8 9 |  9.1
Stealth        | 3 4 5 6 7 8 9 10 11 | 11.1
Fighting       | 5 6 7 8 9 10 11 | 11.7
Dodging        | 5 6 7 8 9 10 11 | 11.7
Ranged Weapons | 9 10 11 12 13 | 13.6

Action                     |  1- 3 |  4- 6 |  7- 9 | 10-12 | 13-15 | 16-18 || total
---------------------------+-------+-------+-------+-------+-------+-------++-------
  Melee: Shortbow          |       |     2 |       |       |       |       ||     2
         Whip              |       |       |   142 |   583 |     6 |       ||   731
         Bite              |       |       |    14 |    68 |    15 |       ||    97
         Punch             |       |       |     7 |    37 |     6 |       ||    50
         Mace              |       |       |       |     6 |    98 |       ||   104
         Unarmed           |       |       |       |       |     1 |       ||     1
   Fire: Shortbow          |    92 |   143 |   117 |    91 |   759 |     8 ||  1210
  Throw: Dart              |       |       |       |     1 |       |       ||     1
   Cast: Freezing Cloud    |       |       |       |       |   139 |     5 ||   144
         Borgnjor's Vile C |       |       |       |       |    73 |     4 ||    77
  Evoke: Wand              |       |       |       |    10 |     3 |       ||    13
         Phantom mirror    |       |       |       |     1 |       |       ||     1
    Use: Scroll            |     6 |     5 |     3 |     8 |     5 |       ||    27
         Potion            |       |       |       |     5 |       |       ||     5
   Stab: Sleeping          |       |       |       |     5 |     1 |       ||     6
         Distracted        |       |       |       |       |     1 |       ||     1
 Armour: Leather armour    |     7 |    11 |       |       |       |       ||    18
         Ring mail         |       |     5 |    35 |   187 |    84 |     2 ||   313
  Dodge: Dodged            |    18 |    34 |    80 |   343 |   189 |    13 ||   677
  Block: Other             |       |       |    15 |   116 |    47 |     3 ||   181
         Reflection        |       |       |       |     2 |     3 |       ||     5

Table legend: (Time is in decaauts)
 A = Elapsed time spent in this place.
 B = Non-inter-level travel time spent in this place.
 C = Inter-level travel time spent in this place.
 D = Time resting spent in this place.
 E = Time spent auto-exploring this place.
 F = Levels seen in this place.
 G = Mean time per level.
                   A        B        C        D        E       F      G
               +--------+--------+--------+--------+--------+-----+--------+
         Total |  26414 |  24633 |   1781 |   2843 |  17813 |  26 | 1015.9 |
       Dungeon |  16280 |  15072 |   1208 |   1404 |  11421 |  15 | 1085.3 |
        Temple |     36 |     26 |     10 |      0 |      7 |   1 |   36.0 |
          Lair |   6613 |   6342 |    271 |    763 |   4670 |   5 | 1322.6 |
   Spider Nest |      9 |      9 |      0 |      0 |      0 |   1 |    9.0 |
  Orcish Mines |   2524 |   2234 |    290 |    427 |   1359 |   2 | 1262.0 |
        Bailey |    629 |    629 |      0 |    194 |    214 |   1 |  629.0 |
      Gauntlet |    321 |    321 |      0 |     53 |    141 |   1 |  321.0 |
               +--------+--------+--------+--------+--------+-----+--------+

Top non-repeatable levels by time:
    D:10: 1715 daAuts
  Lair:5: 1677 daAuts
   Orc:2: 1667 daAuts
    D:11: 1561 daAuts
  Lair:2: 1505 daAuts
     D:7: 1466 daAuts
     D:6: 1422 daAuts
     D:9: 1374 daAuts
  Lair:1: 1283 daAuts
    D:14: 1130 daAuts
  Lair:4: 1111 daAuts
     D:8: 1057 daAuts
  Lair:3: 1036 daAuts
    D:12: 1021 daAuts
     D:4: 1008 daAuts
